real SSF action I swear

Match 46968776
End
Scout Squad
Selects Special Operations Battlegroup
Selects M29 Weasel Recon Vehicle
M29 Weasel Recon Vehicle
Engineer Squad
Construct Weapon Support Center
M1919 Machine Gun Team
Infantry Support Center
M3 Armored Personnel Carrier
Bazooka Squad
Selects Smoke Screen
Construct Medical Station
Bazooka Squad
M1919 Machine Gun Team
Selects SSF Commando Squad
SSF Commando Squad
Construct Tank Depot
Selects Assault Operation
Assault Operation
M4A1 Sherman Medium Tank
SSF Commando Squad
M4A1 Sherman Medium Tank
Selects P-47 Anti-Infantry Loiter
Selects UNKNOWN (2162291)
P-47 Anti-Infantry Loiter
M18 Hellcat Tank Destroyer
Survival Training
Smoke Screen
M4A1 Sherman Medium Tank
Oziligath
*Mule
0
0

Comments sign in to comment!

No comments posted yet!